 Dungeon Crawl Stone Soup version 0.30.1-3-gfc49f6343a (webtiles) character file.

Game seed: 1068457337235924427

12840 Inchmeat the Brawler (level 11, -9/115 HPs)
             Began as a Troll Cinder Acolyte on July 18, 2023.
             Was a Believer of Ignis.
             Mangled by a two-headed ogre
             ... wielding a +0 giant spiked club
              (20 damage)
             ... on level 2 of the Orcish Mines.
             The game lasted 00:25:53 (10115 turns).

Inchmeat the Brawler (Troll Cinder Acolyte)        Turns: 10115, Time: 00:25:53

Health: -9/115     AC: 16    Str: 28    XL:     11   Next: 67%
Magic:  11/11      EV:  9    Int: 10    God:    Ignis [**....]
Gold:   1390       SH:  0    Dex:  5    Spells: 12/12 levels left

rFire   + +          .
                       - Unarmed
rCold   + . .        (no shield)
rNeg    . . .        H - +3 troll leather armour
rPois   .            (helmet restricted)
rElec   .            a - scarf {rC+ rF+}
rCorr   .            (gloves unavailable)
SInv    +            (boots unavailable)
Will    .....        (no amulet)
Stlth   +            s - ring of see invisible
HPRegen 1.99/turn    E - +4 ring of slaying
MPRegen 0.12/turn

%: no passive effects
@: fiery-armoured
A: large, unfitting armour, claws 3, regeneration 1, shaggy fur 1, tough skin 1
a: Renounce Religion, Fiery Armour, Foxfire Swarm, Rising Flame


You were on level 2 of the Orcish Mines.
You worshipped Ignis.
Ignis was pleased with you.
You visited 2 branches of the dungeon, and saw 11 of its levels.
You also visited: Sewer.

You collected 1738 gold pieces.
You spent 348 gold pieces at shops.

Inventory:

Hand Weapons
 C - a +3 morningstar
Missiles
 x - 2 throwing nets (quivered)
 z - 4 atropa-tipped darts
Armour
 a - a scarf of resistance (worn)
 r - a +2 robe of willpower
 w - a +2 robe of positive energy
 G - a +2 robe of cold resistance
 H - a +3 troll leather armour (worn)
Jewellery
 f - a +6 ring of strength
 s - a ring of see invisible (left claw)
 E - a +4 ring of slaying (right claw)
 F - a ring of ice
Wands
 g - a wand of flame (38)
 y - a wand of digging (5)
Scrolls
 k - 3 scrolls of torment
 q - a scroll of amnesia
 u - 2 scrolls of teleportation
Potions
 b - 2 potions of resistance
 e - a potion of might
 h - 2 potions of attraction
 j - a potion of magic
 l - a potion of ambrosia
 m - 3 potions of lignification
 n - 7 potions of curing
 o - a potion of degeneration
 p - 2 potions of mutation
 t - 2 potions of flight {unknown}
 D - a potion of brilliance {unknown}


   Skills:
 * Level 9.0 Fighting
 - Level 16.0 Unarmed Combat
 - Level 1.0 Spellcasting
 - Level 2.1 Fire Magic


You had 12 spell levels left.
You didn't know any spells.
Your spell library contained the following spells:

 Spells                   Type           Power      Damage    Failure   Level
 Scorch                   Fire           8%         2d5       24%         2
 Apportation              Tloc           0%         N/A       36%         1
 Freeze                   Ice            0%         1d3       36%         1
 Necrotise                Necr           0%         1d4       36%         1
 Summon Small Mammal      Summ           0%         N/A       36%         1
 Sublimation of Blood     Necr           0%         N/A       50%         2
 Ignite Poison            Fire/Tmut/Pois 1%         N/A       65%         3
 Frozen Ramparts          Ice            0%         1d1       75%         3
 Hailstorm                Conj/Ice       0%         3d3       75%         3
 Sticky Flame             Conj/Fire      2%         2d3       94%         4
 Petrify                  Tmut/Erth      0%         N/A       98%         4
 Irradiate                Conj/Tmut      0%         3d11      100%        5
 Ignition                 Fire           2%         3d3       100%        8


Dungeon Overview and Level Annotations

Branches:
Dungeon (9/15)             Temple (0/1) D:7             Orc (2/2) D:9
    Elf (0/3) Orc:2         Sewer (visited)
   Lair: D:8-11

Altars:
Dithmenos
Elyvilon
Gozag
Makhleb
Trog
Vehumet
Wu Jian
Xom
Yredelemnul

Shops:
D:1 :   D:5 (   D:7 [[?*[   Orc:1 =   Orc:2 *[(!

Annotations:
D:9 exclusion: ice statue, Snorg


Innate Abilities, Weirdness & Mutations

You are too large for most types of armour.
You have claws for hands.
Your natural rate of healing is unusually fast.
You are covered in fur. (AC +1)
You have tough skin. (AC +1)


Message History

The ogre mage casts a spell.
The ogre mage flickers and vanishes!
You hear two shouts!
You scratch the two-headed ogre. You claw the two-headed ogre!
You kill the two-headed ogre!
You hear a shout! x2
Your Fighting skill increases to level 9!
You remove your +6 ring of strength.
You feel weaker.
Reactivating autopickup.
s - a ring of see invisible (left claw)
You claw the two-headed ogre! x2
The two-headed ogre is heavily wounded.
The two-headed ogre hits you with a +0 giant spiked club!!
The two-headed ogre is burned by your cloak of flames.
The two-headed ogre is severely wounded.
The two-headed ogre hits you with a +0 dire flail!
* * * LOW HITPOINT WARNING * * *
The two-headed ogre is burned by your cloak of flames.
The two-headed ogre is severely wounded.
You hear two shouts!
A two-headed ogre comes into view. It is wielding two +0 giant clubs.
You hear a shout!
The two-headed ogre moves out of view.
The ogre mage mumbles some strange words.
The ogre mage flickers and vanishes for a moment.
The two-headed ogre attacks as you move away!
The two-headed ogre hits you with a +0 giant spiked club!!
* * * LOW HITPOINT WARNING * * *
The two-headed ogre is burned by your cloak of flames.
The two-headed ogre is severely wounded.
The two-headed ogre barely misses you. The ogre mage casts a spell at you.
The bolt of magma hits you!! You partially resist.
* * * LOW HITPOINT WARNING * * *
As you read the scroll of fog, it crumbles to dust.
The scroll dissolves into smoke.
The two-headed ogre attacks as you move away!
The two-headed ogre hits you with a +0 giant spiked club!!
You die...

# ##........## ###O....#
###..........#### #.#O....## .#
#..........#.#####.OO.....####
.###..........#..##..O......##.##
...##............###............#
..###..........§§§#.O..###.......
...#..........§§§§§....###.......
.......####...§§§OO§....#........
......### ###...@§.....###.......
........###............##........
.........#.......#......##.......
................###..............
.##.............# ##..........###
##.##.#.........# ##.......### #
.######.......### #.........# .#
#.......### #####.....### # ##
#.........###.#.........###


You could see a two-headed ogre and an ogre mage (fast).

Vanquished Creatures
  An orc warlord (Orc:1)
  Fannar (Orc:1)
  Harold (Orc:1)
  2 two-headed ogres (Orc:2)
  An orc high priest (Orc:2)
  An orc knight (Orc:1)
  An orc sorcerer (Orc:1)
  A gargoyle (D:9)
  6 trolls
  3 yaks
  Menkaure (D:7)
  A warg (Orc:2)
  Duvessa (D:4)
  An acid dragon (D:8)
  A water moccasin (D:7)
  2 ice beasts
  13 orc warriors
  2 sky beasts (D:7)
  7 ogres (Orc:2)
  7 centaurs
  2 phantoms
  5 kobold brigands
  4 bullfrogs
  A scorpion (D:6)
  9 wights
  Dowan (D:3)
  3 howler monkeys (D:9)
  4 crimson imps (D:3)
  3 hounds
  4 jellies
  10 orc priests
  3 gnoll boudas (D:7)
  3 iguanas
  2 sleepcaps (D:6)
  Natasha (D:3)
  12 orc wizards
  A hell rat (Sewer)
  10 gnolls
  4 river rats (Sewer)
  3 adders
  A shadow imp (D:6)
  2 white imps
  5 ufetubi
  2 worms
  2 dart slugs
  47 orcs
  6 endoplasms
  5 giant cockroaches
  6 hobgoblins
  3 jackals (D:3)
  31 kobolds
  2 quokkas
  2 ball pythons
  A bat (D:2)
  A frilled lizard (D:2)
  5 goblins
  5 rats
265 creatures vanquished.

Vanquished Creatures (others)
  35 foxfires (Orc:2)
35 creatures vanquished.

Grand Total: 300 creatures vanquished

Notes
Turn   | Place    | Note
-------+----------+-------------------------------------------
     0 | D:1      | Inchmeat the Troll Cinder Acolyte began the quest for the
                  | Orb.
     0 | D:1      | Reached XP level 1. HP: 22/22 MP: 1/1
   191 | D:1      | Found Noiqel's Book Boutique.
   403 | D:2      | Reached XP level 2. HP: 29/29 MP: 2/2
   792 | D:2      | Reached skill level 4 in Unarmed Combat
  1278 | D:3      | Reached XP level 3. HP: 36/36 MP: 3/3
  1493 | D:3      | Found a shimmering altar of Xom.
  1513 | D:3      | Reached skill level 5 in Unarmed Combat
  1513 | D:3      | Reached XP level 4. HP: 43/44 MP: 4/4
  1549 | D:3      | Reached skill level 6 in Unarmed Combat
  1549 | D:3      | Reached XP level 5. HP: 50/50 MP: 5/5
  2002 | D:4      | Noticed a phantom
  2011 | D:4      | Killed a phantom
  2030 | D:4      | Noticed Dowan
  2031 | D:4      | Noticed Duvessa
  2039 | D:4      | Noticed Natasha
  2047 | D:4      | Killed Duvessa
  2048 | D:4      | Reached skill level 7 in Unarmed Combat
  2048 | D:4      | Reached XP level 6. HP: 40/59 MP: 6/6
  2117 | D:3      | Killed Natasha
  2163 | D:3      | Killed Dowan
  2303 | D:4      | Found a white marble altar of Elyvilon.
  2508 | D:4      | Reached skill level 8 in Unarmed Combat
  2508 | D:4      | Reached XP level 7. HP: 57/66 MP: 7/7
  2871 | D:5      | Entered Level 5 of the Dungeon
  3291 | D:5      | Found Oparph's Weapon Emporium.
  3299 | D:5      | Bought 4 atropa-tipped darts for 46 gold pieces
  3419 | D:5      | Found a glowing drain.
  3423 | Sewer    | Entered a sewer
  3763 | D:5      | Reached skill level 9 in Unarmed Combat
  3772 | D:5      | Found an opulent altar of Gozag.
  4294 | D:6      | Reached XP level 8. HP: 50/74 MP: 8/8
  4298 | D:6      | Reached skill level 10 in Unarmed Combat
  4763 | D:6      | Found a basalt altar of Yredelemnul.
  4863 | D:6      | Reached skill level 11 in Unarmed Combat
  5239 | D:6      | Found a shadowy altar of Dithmenos.
  5373 | D:7      | Found Tikief's Armour Emporium.
  5376 | D:7      | Bought a +2 robe of positive energy for 205 gold pieces
  5400 | D:7      | Found a staircase to the Ecumenical Temple.
  5438 | D:7      | Noticed Menkaure
  5444 | D:7      | Killed Menkaure
  5607 | D:7      | Found Ciantoch's General Store.
  5614 | D:7      | Reached skill level 12 in Unarmed Combat
  5614 | D:7      | Reached XP level 9. HP: 80/80 MP: 9/9
  5783 | D:7      | Found Lonaity's Armour Emporium.
  6095 | D:7      | Found Wudaq's Antique Armour Shoppe.
  6190 | D:7      | Found Neted's Magic Scroll Shoppe.
  6193 | D:7      | Bought a scroll of blinking for 97 gold pieces
  6242 | D:8      | Reached skill level 13 in Unarmed Combat
  6537 | D:8      | HP: 4/80 [yak (14)]
  6541 | D:8      | HP: 1/80 [yak (3)]
  6623 | D:7      | Reached skill level 14 in Unarmed Combat
  7103 | D:8      | Reached XP level 10. HP: 73/88 MP: 10/10
  7164 | D:8      | Found a burning altar of Makhleb.
  7164 | D:8      | Noticed a blizzard demon
  7344 | D:9      | Noticed a gargoyle
  7350 | D:9      | Killed a gargoyle
  7407 | D:9      | Found a radiant altar of Vehumet.
  7474 | D:9      | Noticed an ice statue
  7833 | D:9      | Reached skill level 15 in Unarmed Combat
  7900 | D:9      | Identified a scroll of acquirement
  7900 | D:9      | Acquired 758 gold pieces
  7901 | D:9      | Found a staircase to the Orcish Mines.
  8152 | D:9      | Found an ornate altar of the Wu Jian Council.
  8616 | Orc:1    | Entered Level 1 of the Orcish Mines
  8616 | Orc:1    | Noticed Harold
  8639 | Orc:1    | Noticed Snorg
  8849 | Orc:1    | Killed Harold
  8915 | Orc:1    | Found Idwe's Jewellery Boutique.
  8996 | Orc:1    | Noticed Fannar
  9002 | Orc:1    | Killed Fannar
  9003 | Orc:1    | Reached skill level 5 in Fighting
  9063 | Orc:2    | Entered Level 2 of the Orcish Mines
  9072 | Orc:1    | Noticed an orc high priest
  9072 | Orc:1    | Noticed an orc sorcerer
  9076 | Orc:1    | Paralysed by an orc sorcerer for 2 turns
  9100 | Orc:1    | Killed an orc sorcerer
  9138 | Orc:2    | Noticed a sixfirhy
  9146 | Orc:2    | Killed an orc high priest
  9147 | Orc:2    | Reached XP level 11. HP: 84/106 MP: 11/11
  9170 | Orc:2    | Noticed an orc warlord
  9485 | Orc:1    | Killed an orc warlord
  9764 | Orc:2    | Found a staircase to the Elven Halls.
  9777 | Orc:2    | Noticed an orc knight
  9828 | Orc:1    | Killed an orc knight
  9829 | Orc:1    | Reached skill level 16 in Unarmed Combat
 10037 | Orc:2    | Found a bloodstained altar of Trog.
 10074 | Orc:2    | Noticed a two-headed ogre
 10076 | Orc:2    | Found Inin's Armour Shop.
 10076 | Orc:2    | Found Womojugy's Distillery.
 10076 | Orc:2    | Found Bechut's General Store.
 10076 | Orc:2    | Found Fuenez's Weapon Shop.
 10076 | Orc:2    | Noticed a two-headed ogre
 10076 | Orc:2    | Noticed a two-headed ogre
 10076 | Orc:2    | Noticed an ogre mage
 10076 | Orc:2    | Noticed an ogre mage
 10076 | Orc:2    | Noticed a two-headed ogre
 10076 | Orc:2    | Noticed a two-headed ogre
 10076 | Orc:2    | Noticed an ogre mage
 10076 | Orc:2    | Noticed an ogre mage
 10076 | Orc:2    | Noticed a two-headed ogre
 10076 | Orc:2    | Noticed a two-headed ogre
 10088 | Orc:2    | Killed a two-headed ogre
 10095 | Orc:2    | Noticed a two-headed ogre
 10100 | Orc:2    | Killed a two-headed ogre
 10104 | Orc:2    | Noticed a two-headed ogre
 10115 | Orc:2    | Mangled by a two-headed ogre

Illustrated notes

Levels and vault maps discovered:
D:1:      lightli_arrival_chessboard, layout_rooms, serial_shops,
          nicolae_shop_tiny_waterfront
D:2:      layout_basic, serial_bayou_pond_a, minmay_misc_feat_rows,
          roderic_lattice_a
D:3:      layout_loops_ring, led_xom_imps, serial_forest,
          infiniplex_forest_lined_3, infiniplex_forest_straight_4,
          infiniplex_forest_fountain, infiniplex_forest_zigzag_1,
          infiniplex_forest_corner_2
D:4:      layout_layer_cave, nicolae_elyvilon_temple_path, uniq_duvessa,
          uniq_natasha
D:5:      layout_layer_cave, lemuel_crystal_altar, gup_sewer_entry_spiral,
          serial_shops, nicolae_stop_n_shop_1
D:6:      layout_basic, lemuel_coloured_pillars_altar,
          mainiacjoe_overflow_alcove_4
D:7:      minmay_evil_eye, layout_gridville, minmay_temple_entry_sparse_star,
          serial_shops, shop, nicolae_shop_hallway_plus, shop,
          nicolae_shop_rolled_up, kennysheep_mini, uniq_menkaure
D:8:      layout_loops_ring, makhleb_altar_promises_db
D:9:      cheibrodos_frozen_isle, layout_loops_corners,
          nicolae_vehumet_altar_sigil, nicolae_wu_jian_glorious_leap,
          orc_0_dummy, item_on_display_a
Orc:1:    layout_diamond_mine, serial_shops, shop, basic_altar, uniq_erolcha,
          uniq_harold, uniq_snorg, uniq_fannar
Orc:2:    st_orc_ogre_mass, layout_diamond_mine, david_defended_altar_orc,
          uniq_rupert

Skill      XL: |  1  2  3  4  5  6  7  8  9 10 11 |
---------------+----------------------------------+-----
Unarmed Combat | 4 5 6 7 8 9 12 14 15 16 | 16.0
Fighting       | 6 9 |  9.0
Spellcasting   | |  1.0
Fire Magic     | |  2.1

Action                     |  1- 3 |  4- 6 |  7- 9 | 10-12 || total
---------------------------+-------+-------+-------+-------++-------
  Melee: Unarmed           |    69 |   104 |   295 |   217 ||   685
         Punch             |       |     1 |    12 |    14 ||    27
  Throw: Dart              |       |       |     3 |     4 ||     7
         Throwing net      |       |       |       |     2 ||     2
 Invoke: Fiery Armour      |       |       |     1 |     5 ||     6
         Foxfire Swarm     |       |       |       |     2 ||     2
  Evoke: Wand              |       |       |       |    28 ||    28
    Use: Scroll            |     4 |       |    10 |    15 ||    29
         Potion            |       |     1 |     1 |     3 ||     5
 Armour: Robe              |    18 |    28 |    89 |     4 ||   139
         Troll leather arm |       |       |       |    61 ||    61
  Dodge: Dodged            |    25 |    63 |   123 |    90 ||   301
